 Dungeon Crawl Stone Soup version 0.28.0-45-g0d030f2227 (webtiles) character file.

Game seed: 17092576312248663296

7 DuloT34 the Ruffian (level 2, -1/25 HPs)
             Began as a Naga Transmuter on Apr 21, 2022.
             Slain by a goblin
             ... wielding a +0 dagger
              (3 damage)
             ... on level 1 of the Dungeon.
             The game lasted 00:00:31 (168 turns).

DuloT34 the Ruffian (Naga Transmuter)                Turns: 168, Time: 00:00:32

Health: -1/25      AC:  1    Str: 12    XL:     2   Next: 4%
Magic:  5/5        EV:  9    Int: 13    God:
Gold:   3          SH:  0    Dex: 11    Spells: 4/5 levels left

rFire   . . .      SeeInvis +     - Unarmed
rCold   . . .      Faith    .   (no shield)
rNeg    . . .      Spirit   .   a - +0 robe
rPois   +          Reflect  .   (no helmet)
rElec   .          Harm     .   (no cloak)
rCorr   .          Rampage  .   (no gloves)
Will    .....                   (no barding)
Stlth   +.........              (no amulet)
HPRegen 0.08/turn               (no ring)
MPRegen 0.09/turn               (no ring)

@: very slow
A: AC +0, large, see invisible, deformed body, poison resistance, slowness 2,
spit poison 1, naga tail 1
a: Spit Poison


You were on level 1 of the Dungeon.
You visited 1 branch of the dungeon, and saw 1 of its levels.

You collected 3 gold pieces.

Inventory:

Armour
 a - a +0 robe (worn)


   Skills:
 - Level 1.0 Fighting
 - Level 1.5 Dodging
 - Level 3.0 Unarmed Combat
 - Level 2.0 Spellcasting
 + Level 2.7 Transmutations


You had 4 spell levels left.
You knew the following spells:

 Your Spells              Type           Power      Damage    Failure   Level
a - Beastly Appendage     Tmut           16%        N/A       9%          1

Your spell library contained the following spells:

 Spells                   Type           Power      Damage    Failure   Level
 Wereblood                Tmut           8%         N/A       13%         2
 Spider Form              Tmut/Pois      4%         N/A       41%         3
 Ice Form                 Ice/Tmut       4%         N/A       82%         4


Dungeon Overview and Level Annotations

Branches:
Dungeon (1/15)

Altars:


Innate Abilities, Weirdness & Mutations

Your serpentine skin is tough. (AC +0)
You have supernaturally acute eyesight. (SInv)
Armour fits poorly on your strangely shaped body.
Your system is resistant to poisons. (rPois)
You cover ground very slowly.
You can spit poison.
You have a snake-like lower body.


Message History

You are too injured to fight recklessly!
You are too injured to fight recklessly!
You miss the kobold.
The kobold is severely wounded.
The kobold barely misses you. The kobold hits you with a +0 whip.
You hit the kobold.
You kill the kobold!
The kobold hits you but does no damage. The kobold hits you with a +0 dagger.
Things that are here:
a +0 whip; a kobold corpse The kobold throws a stone.
The stone barely misses you.
The kobold throws a stone.
The stone barely misses you.
Your transformation is almost over.
The kobold throws a stone.
The stone barely misses you.
You closely miss the kobold. The kobold closely misses you.
You hit the kobold. You headbutt the kobold.
The kobold is severely wounded.
The kobold closely misses you.
You hit the kobold.
You kill the kobold!
You closely miss the kobold. Your headbutt misses the kobold.
The kobold hits you with a +0 club.
* * * LOW HITPOINT WARNING * * *
You hit the kobold.
You kill the kobold!
You have reached level 2!
Your horns disappear.
The goblin hits you with a +0 dagger.
* * * LOW HITPOINT WARNING * * *
The goblin closely misses you.
Things that are here:
a +0 club; a +0 dagger; a stone You hit the goblin.
The goblin is severely wounded.
The goblin closely misses you.
You barely miss the goblin.
The goblin is severely wounded.
The goblin hits you with a +0 dagger.
You die...

#.##.## #...g.#
#....# ####Kg#####
#K..........
#.#.#.######
#######)#...#
#..g..).##########
###@######.##....#
#.#......##.##.###
#.....##....#..)..
###...######.....#
##### #.....#
#...... #......
##...#. ######


You could see a goblin.

Vanquished Creatures
  A giant cockroach (D:1)
  4 kobolds (D:1)
  A rat (D:1)
6 creatures vanquished.

Notes
Turn   | Place    | Note
-------+----------+-------------------------------------------
     0 | D:1      | DuloT34 the Naga Transmuter began the quest for the Orb.
     0 | D:1      | Reached XP level 1. HP: 18/18 MP: 3/3
   166 | D:1      | Reached XP level 2. HP: 6/25 MP: 5/5
   168 | D:1      | Slain by a goblin

Illustrated notes

Levels and vault maps discovered:
D:1:      minmay_arrival_four_houses, layout_basic, basic_ecumenical_altar,
          kennysheep_another_room, chequers_serial_rivers_small_a

Action                   || total
-------------------------++-------
Melee: Unarmed           ||    22
       Headbutt          ||     1
 Cast: Beastly Appendage ||     3
Armor: Robe              ||     1
Dodge: Dodged            ||    18
